General information
- name: BNet
- type: Ladder team game (AT/RT)
- host: Battle.net
- saver: Gobiner
map: Highperch
- players: 6
- length: 171:28
- speed: Fast
- version: 1.24 W3XP
- replay type: Public
» download(620 KB)
Players
team 1 (winner)
cum.2ez (
pink | 41 APM | 3353 actions | 81:56)
4 Mountain King
2 Storm Bolt
2 Bash
3 Paladin
2 Holy Light
1 Divine Shield
» actions
| Assign group hotkey | 27 | |
| Basic commands | 24 | |
| Build / train | 147 | |
| ESC pressed | 16 | |
| Enter build submenu | 81 | |
| Enter hero's abilities submenu | 7 | |
| Give item / drop item | 5 | |
| Right click | 1359 | |
| Select / deselect | 468 | |
| Select group hotkey | 962 | |
| Use ability | 257 | |
3353 total
» units
| Peasant | 17 | |
| Priest | 2 | |
| Sorceress | 3 | |
| Dragonhawk Rider | 4 | |
| Siege Engine | 4 | |
30 total
» upgrades
| Masonry | 3 | |
| Magic Sentry | 1 | |
| Sorceress Training | 2 | |
| Priest Training | 2 | |
| Cloud | 1 | |
| Lumber Harvesting | 2 | |
| Animal War Training | 1 | |
| Swords | 4 | |
| Armor | 3 | |
| Storm Hammers | 1 | |
| Barrage | 1 | |
| Gunpowder | 1 | |
| Flare | 4 | |
26 total
» buildings
| Altar of Kings | 1 | |
| Farm | 9 | |
| Scout Tower | 73 | |
| Lumber Mill | 1 | |
| Arcane Tower | 12 | |
| Guard Tower | 36 | |
| Keep | 3 | |
| Castle | 1 | |
| Arcane Sanctum | 1 | |
| Arcane Vault | 1 | |
| Town Hall | 1 | |
| Gryphon Aviary | 1 | |
| Barracks | 1 | |
| Blacksmith | 1 | |
| Workshop | 1 | |
| Cannon Tower | 3 | |
146 total
» build order
00:10 Altar of Kings
00:20 Farm
00:56 Farm
01:10 Scout Tower
01:21 Lumber Mill
01:38 Arcane Tower
01:40 Scout Tower
02:00 Scout Tower
02:07 Arcane Tower
02:27 Scout Tower
02:29 Scout Tower
02:32 Guard Tower
02:33 Guard Tower
02:49 Scout Tower
02:51 Scout Tower
03:39 Keep
03:40 Keep
04:15 Scout Tower
04:16 Guard Tower
04:31 Scout Tower
04:50 Scout Tower
04:51 Guard Tower
04:54 Scout Tower
04:58 Guard Tower
04:58 Guard Tower
05:19 Scout Tower
05:20 Guard Tower
05:22 Scout Tower
05:23 Scout Tower
05:33 Farm
05:36 Farm
06:31 Castle
06:42 Guard Tower
06:43 Arcane Sanctum
08:03 Farm
08:05 Arcane Vault
09:19 Town Hall
09:37 Scout Tower
09:38 Scout Tower
10:31 Guard Tower
10:32 Scout Tower
10:33 Scout Tower
10:34 Scout Tower
11:27 Arcane Tower
12:11 Gryphon Aviary
12:29 Scout Tower
12:32 Guard Tower
12:37 Scout Tower
12:38 Scout Tower
12:39 Scout Tower
12:39 Scout Tower
12:40 Scout Tower
12:41 Scout Tower
12:42 Scout Tower
12:44 Scout Tower
12:44 Scout Tower
12:45 Scout Tower
12:46 Scout Tower
12:49 Scout Tower
13:41 Barracks
13:45 Blacksmith
13:48 Guard Tower
13:51 Arcane Tower
13:59 Arcane Tower
14:29 Arcane Tower
14:30 Guard Tower
16:02 Guard Tower
16:05 Guard Tower
16:43 Guard Tower
16:44 Guard Tower
18:39 Guard Tower
18:40 Guard Tower
41:52 Scout Tower
41:55 Scout Tower
41:57 Scout Tower
42:05 Workshop
42:36 Guard Tower
42:39 Scout Tower
42:46 Scout Tower
42:50 Scout Tower
42:57 Scout Tower
43:06 Scout Tower
43:09 Scout Tower
43:11 Scout Tower
43:20 Arcane Tower
43:23 Cannon Tower
43:25 Guard Tower
43:38 Scout Tower
43:42 Guard Tower
43:43 Cannon Tower
43:45 Arcane Tower
43:52 Scout Tower
43:52 Scout Tower
43:53 Scout Tower
43:57 Scout Tower
43:59 Scout Tower
43:59 Scout Tower
44:02 Scout Tower
44:04 Scout Tower
44:07 Scout Tower
44:11 Scout Tower
44:12 Scout Tower
44:29 Guard Tower
44:31 Cannon Tower
44:32 Arcane Tower
44:34 Guard Tower
44:35 Guard Tower
44:37 Scout Tower
44:38 Scout Tower
44:39 Scout Tower
44:41 Guard Tower
44:41 Guard Tower
44:48 Guard Tower
45:35 Guard Tower
45:37 Guard Tower
45:39 Arcane Tower
45:45 Scout Tower
45:48 Scout Tower
45:52 Scout Tower
45:54 Scout Tower
45:55 Scout Tower
45:55 Scout Tower
46:02 Scout Tower
46:25 Farm
47:20 Farm
47:21 Farm
47:24 Farm
47:29 Guard Tower
47:30 Arcane Tower
48:24 Scout Tower
48:25 Scout Tower
48:27 Scout Tower
48:30 Scout Tower
48:32 Scout Tower
48:40 Scout Tower
48:41 Scout Tower
48:49 Scout Tower
48:50 Scout Tower
49:20 Guard Tower
49:21 Guard Tower
50:58 Arcane Tower
» items
| Lesser Clarity Potion | 1 | |
| Healing Salve | 1 | |
| Scroll of Speed | 1 | |
| Staff of Teleportation | 1 | |
| Circlet of Nobility | 1 | |
| Boots of Speed | 2 | |
| Staff of Sanctuary | 2 | |
| Orb of Lightning | 5 | |
| Scroll of Town Portal | 3 | |
17 total
Gobiner (
green | 18 APM | 3014 actions | 171:28)
7 Blademaster
3 Wind Walk
3 Critical Strike
1 Bladestorm
2 Paladin
2 Divine Shield
» actions
| Assign group hotkey | 91 | |
| Basic commands | 155 | |
| Build / train | 104 | |
| Enter build submenu | 14 | |
| Enter hero's abilities submenu | 9 | |
| Give item / drop item | 5 | |
| Right click | 1275 | |
| Select / deselect | 404 | |
| Select group hotkey | 689 | |
| Use ability | 267 | |
3014 total
» units
| Peon | 21 | |
| Troll Batrider | 20 | |
| Wind Rider | 7 | |
48 total
» upgrades
| Ranged Weapons | 3 | |
| Armor | 3 | |
| Reinforced Defenses | 1 | |
| Spiked Barricades | 1 | |
| Liquid Fire | 1 | |
| Pillage | 1 | |
| Backpack | 1 | |
| Envenomed Spears | 1 | |
| War Drums Damage Increase | 1 | |
| Troll Regeneration | 1 | |
| Burning Oil | 1 | |
| Berserker Strength | 1 | |
| Berserker Upgrade | 1 | |
| Ensnare | 1 | |
18 total
» buildings
| Altar of Storms | 1 | |
| Orc Burrow | 5 | |
| War Mill | 1 | |
| Voodoo Lounge | 2 | |
| Stronghold | 3 | |
| Fortress | 1 | |
| Beastiary | 3 | |
| Barracks | 1 | |
| Watch Tower | 9 | |
26 total
» build order
00:08 Altar of Storms
00:17 Orc Burrow
00:42 War Mill
01:18 Voodoo Lounge
02:05 Orc Burrow
02:39 Voodoo Lounge
04:35 Stronghold
04:35 Stronghold
04:35 Stronghold
07:01 Fortress
07:04 Beastiary
07:05 Beastiary
07:11 Orc Burrow
07:13 Orc Burrow
08:06 Beastiary
14:50 Barracks
15:40 Watch Tower
15:41 Watch Tower
15:42 Watch Tower
15:43 Watch Tower
15:44 Watch Tower
15:46 Watch Tower
15:46 Watch Tower
15:48 Watch Tower
15:49 Watch Tower
36:24 Orc Burrow
» items
| Lesser Clarity Potion | 8 | |
| Scroll of Speed | 1 | |
| Staff of Teleportation | 2 | |
| Boots of Speed | 1 | |
| Circlet of Nobility | 2 | |
| Healing Salve | 2 | |
| Orb of Lightning | 1 | |
| Potion of Lesser Invulnerability | 2 | |
| Scroll of Town Portal | 1 | |
| Mechanical Critter | 2 | |
22 total
MrFrosty (
blue | 37 APM | 6369 actions | 171:26)
4 Archmage
2 Blizzard
2 Brilliance Aura
7 Blood Mage
3 Flame Strike
2 Siphon Mana
1 Banish
1 Summon Phoenix
1 Goblin Tinker
1 Pocket Factory
1 Mountain King
1 Storm Bolt
2 Paladin
1 Holy Light
1 Devotion Aura
» actions
| Assign group hotkey | 56 | |
| Basic commands | 104 | |
| Build / train | 140 | |
| ESC pressed | 2 | |
| Enter build submenu | 70 | |
| Enter hero's abilities submenu | 15 | |
| Give item / drop item | 22 | |
| Remove unit from queue | 1 | |
| Right click | 3039 | |
| Select / deselect | 1408 | |
| Select group hotkey | 1060 | |
| Use ability | 452 | |
6369 total
» units
| Peasant | 18 | |
| Priest | 2 | |
| Sorceress | 2 | |
| Dragonhawk Rider | 9 | |
31 total
» upgrades
| Masonry | 3 | |
| Lumber Harvesting | 2 | |
| Sorceress Training | 2 | |
| Magic Sentry | 1 | |
| Priest Training | 2 | |
| Backpack | 1 | |
| Animal War Training | 1 | |
| Armor | 3 | |
| Cloud | 1 | |
| Swords | 3 | |
19 total
» buildings
| Altar of Kings | 1 | |
| Farm | 14 | |
| Scout Tower | 50 | |
| Lumber Mill | 1 | |
| Arcane Tower | 12 | |
| Guard Tower | 23 | |
| Keep | 1 | |
| Arcane Vault | 1 | |
| Arcane Sanctum | 1 | |
| Town Hall | 1 | |
| Castle | 1 | |
| Gryphon Aviary | 4 | |
| Blacksmith | 1 | |
| Barracks | 1 | |
112 total
» build order
00:06 Altar of Kings
00:22 Farm
00:56 Scout Tower
01:06 Lumber Mill
01:23 Arcane Tower
01:29 Farm
01:38 Scout Tower
02:09 Guard Tower
02:12 Scout Tower
02:26 Farm
02:42 Guard Tower
02:43 Scout Tower
03:20 Guard Tower
03:21 Scout Tower
03:54 Guard Tower
03:55 Scout Tower
04:29 Arcane Tower
04:30 Scout Tower
04:34 Keep
04:39 Scout Tower
04:46 Farm
05:00 Arcane Tower
05:02 Scout Tower
05:10 Arcane Vault
05:13 Arcane Tower
05:50 Guard Tower
05:50 Scout Tower
07:11 Guard Tower
07:12 Scout Tower
07:20 Arcane Sanctum
08:01 Guard Tower
08:02 Scout Tower
08:05 Scout Tower
08:49 Arcane Tower
09:17 Town Hall
09:24 Scout Tower
09:25 Scout Tower
09:26 Scout Tower
09:51 Guard Tower
09:54 Scout Tower
10:23 Guard Tower
11:05 Scout Tower
11:08 Scout Tower
11:08 Scout Tower
11:29 Castle
11:45 Guard Tower
12:09 Gryphon Aviary
12:12 Blacksmith
12:15 Barracks
12:41 Guard Tower
12:42 Scout Tower
12:44 Scout Tower
12:44 Scout Tower
12:46 Scout Tower
14:16 Farm
14:41 Arcane Tower
14:42 Guard Tower
14:47 Scout Tower
14:48 Scout Tower
14:53 Scout Tower
14:55 Scout Tower
16:20 Farm
16:40 Guard Tower
17:19 Scout Tower
17:21 Scout Tower
17:31 Scout Tower
18:01 Guard Tower
18:42 Guard Tower
18:46 Arcane Tower
19:27 Scout Tower
20:57 Arcane Tower
21:00 Scout Tower
21:01 Scout Tower
21:02 Scout Tower
21:04 Scout Tower
21:05 Scout Tower
21:06 Scout Tower
21:11 Scout Tower
21:26 Gryphon Aviary
21:52 Guard Tower
21:53 Guard Tower
22:21 Guard Tower
22:47 Guard Tower
23:20 Farm
23:21 Farm
23:21 Farm
23:46 Arcane Tower
23:53 Farm
23:57 Gryphon Aviary
24:01 Gryphon Aviary
27:41 Farm
27:42 Farm
27:43 Farm
27:44 Farm
38:56 Guard Tower
39:44 Guard Tower
41:52 Guard Tower
47:24 Scout Tower
47:40 Scout Tower
47:51 Scout Tower
47:57 Scout Tower
48:09 Arcane Tower
48:12 Scout Tower
48:17 Scout Tower
48:19 Scout Tower
48:57 Guard Tower
49:04 Arcane Tower
49:20 Scout Tower
49:22 Scout Tower
49:23 Scout Tower
49:26 Scout Tower
50:22 Arcane Tower
» items
| Healing Salve | 2 | |
| Scroll of Speed | 1 | |
| Lesser Clarity Potion | 1 | |
| Boots of Speed | 3 | |
| Staff of Teleportation | 2 | |
| Scroll of Healing | 1 | |
| Staff of Sanctuary | 2 | |
| Orb of Lightning | 2 | |
| Tiny Great Hall | 1 | |
| Ivory Tower | 9 | |
| Mechanical Critter | 8 | |
| Circlet of Nobility | 1 | |
33 total
team 2 (loser)
caucau (
red | 29 APM | 5053 actions | 171:26)
3 Death Knight
2 Death Coil
1 Unholy Aura
3 Lich
2 Frost Nova
1 Dark Ritual
4 Dreadlord
2 Sleep
2 Vampiric Aura
1 Shadow Hunter
1 Healing Wave
» actions
| Assign group hotkey | 46 | |
| Basic commands | 97 | |
| Build / train | 88 | |
| Enter build submenu | 15 | |
| Enter hero's abilities submenu | 11 | |
| Give item / drop item | 9 | |
| Remove unit from queue | 2 | |
| Right click | 3252 | |
| Select / deselect | 864 | |
| Select group hotkey | 506 | |
| Use ability | 163 | |
5053 total
» units
| Acolyte | 21 | |
| Ghoul | 2 | |
| Crypt Fiend | 9 | |
| Obsidian Statue | 2 | |
| Frost Wyrm | 12 | |
| Meatwagon | 1 | |
47 total
» upgrades
| Creature Attack | 3 | |
| Freezing Breath | 1 | |
| Creature Carapace | 3 | |
| Web | 1 | |
8 total
» buildings
| Crypt | 1 | |
| Graveyard | 1 | |
| Ziggurat | 7 | |
| Altar of Darkness | 1 | |
| Tomb of Relics | 1 | |
| Halls of the Dead | 1 | |
| Slaughterhouse | 1 | |
| Black Citadel | 1 | |
| Sacrificial Pit | 1 | |
| Boneyard | 2 | |
| Spirit Tower | 4 | |
21 total
» build order
00:09 Crypt
00:20 Graveyard
00:42 Ziggurat
01:01 Altar of Darkness
01:44 Tomb of Relics
02:22 Ziggurat
02:52 Halls of the Dead
04:37 Ziggurat
05:21 Slaughterhouse
05:51 Black Citadel
07:48 Ziggurat
07:52 Sacrificial Pit
08:54 Boneyard
08:56 Boneyard
09:13 Ziggurat
11:57 Ziggurat
14:40 Spirit Tower
14:41 Spirit Tower
25:00 Spirit Tower
32:43 Spirit Tower
39:54 Ziggurat
» items
| Rod of Necromancy | 2 | |
| Orb of Corruption | 2 | |
| Dust of Appearance | 1 | |
| Scroll of Town Portal | 3 | |
| Orb of Lightning | 2 | |
10 total
domotoo (
orange | 126 APM | 10313 actions | 81:56)
3 Demon Hunter
2 Mana Burn
1 Evasion
2 Keeper of the Grove
1 Entangling Roots
1 Thorns Aura
» actions
| Assign group hotkey | 30 | |
| Basic commands | 2 | |
| Build / train | 106 | |
| Enter build submenu | 42 | |
| Enter hero's abilities submenu | 6 | |
| Give item / drop item | 1 | |
| Remove unit from queue | 2 | |
| Right click | 3597 | |
| Select / deselect | 954 | |
| Select group hotkey | 5338 | |
| Use ability | 232 | |
10313 total
» units
| Wisp | 35 | |
| Archer | 16 | |
| Dryad | 4 | |
| Druid of the Claw | 6 | |
61 total
» upgrades
| Improved Bows | 1 | |
| Druid of the Claw Training | 2 | |
| Abolish Magic | 1 | |
| Mark of the Claw | 1 | |
| Strength of the Wild | 1 | |
| Reinforced Hides | 2 | |
| Nature's Blessing | 1 | |
9 total
» buildings
| Altar of Elders | 1 | |
| Moon Well | 13 | |
| Ancient of War | 2 | |
| Tree of Ages | 2 | |
| Hunter's Hall | 2 | |
| Ancient of Lore | 2 | |
| Tree of Eternity | 1 | |
| Tree of Life | 1 | |
| Ancient of Wonders | 1 | |
| Ancient Protector | 17 | |
42 total
» build order
00:10 Altar of Elders
00:20 Moon Well
00:48 Ancient of War
01:35 Moon Well
02:25 Moon Well
02:58 Tree of Ages
03:30 Hunter's Hall
05:15 Moon Well
05:25 Ancient of Lore
05:28 Ancient of Lore
06:38 Tree of Eternity
07:46 Tree of Life
10:32 Moon Well
11:05 Ancient of Wonders
13:11 Moon Well
13:58 Ancient Protector
15:24 Ancient Protector
15:59 Ancient Protector
16:12 Ancient Protector
16:42 Ancient Protector
17:13 Ancient Protector
17:19 Ancient Protector
17:24 Ancient Protector
17:45 Ancient Protector
18:31 Ancient Protector
20:31 Ancient Protector
20:36 Ancient Protector
21:37 Ancient Protector
23:30 Ancient Protector
23:34 Ancient Protector
23:54 Ancient Protector
26:19 Hunter's Hall
27:30 Ancient Protector
35:34 Tree of Ages
37:29 Ancient of War
39:22 Moon Well
39:25 Moon Well
39:27 Moon Well
39:30 Moon Well
40:13 Moon Well
40:18 Moon Well
42:41 Moon Well
» items
| Dust of Appearance | 3 | |
| Orb of Lightning | 1 | |
| Potion of Healing | 1 | |
| Scroll of Town Portal | 4 | |
| Staff of Preservation | 1 | |
| Potion of Lesser Invulnerability | 1 | |
11 total

»
Thanh (
yellow | 25 APM | 4370 actions | 171:26)
4 Tauren Chieftain
2 Shockwave
2 Endurance Aura
2 Shadow Hunter
1 Hex
1 Healing Wave
» actions
| Assign group hotkey | 217 | |
| Basic commands | 244 | |
| Build / train | 92 | |
| ESC pressed | 1 | |
| Enter build submenu | 34 | |
| Enter hero's abilities submenu | 6 | |
| Give item / drop item | 2 | |
| Right click | 1929 | |
| Select / deselect | 523 | |
| Select group hotkey | 1029 | |
| Use ability | 293 | |
4370 total
» units
| Peon | 17 | |
| Grunt | 5 | |
| Raider | 1 | |
| Razormane Medicine Man | 1 | |
| Shaman | 3 | |
| Troll Batrider | 18 | |
| Tauren | 2 | |
| Troll Witch Doctor | 2 | |
| Demolisher | 6 | |
55 total
» upgrades
| Ensnare | 1 | |
| Shaman Training | 2 | |
| Pulverize | 1 | |
| Witch Doctor Training | 1 | |
| Burning Oil | 1 | |
| Reinforced Defenses | 1 | |
| Spiked Barricades | 1 | |
8 total
» buildings
| Altar of Storms | 1 | |
| Orc Burrow | 6 | |
| Barracks | 1 | |
| Voodoo Lounge | 4 | |
| Stronghold | 1 | |
| Great Hall | 1 | |
| War Mill | 1 | |
| Beastiary | 3 | |
| Spirit Lodge | 1 | |
| Fortress | 1 | |
| Watch Tower | 14 | |
| Tauren Totem | 1 | |
35 total
» build order
00:08 Altar of Storms
00:20 Orc Burrow
00:35 Barracks
01:35 Orc Burrow
03:23 Voodoo Lounge
04:31 Stronghold
04:33 Voodoo Lounge
04:43 Orc Burrow
05:10 Great Hall
06:04 War Mill
07:13 Beastiary
08:10 Beastiary
08:12 Spirit Lodge
08:15 Fortress
09:55 Watch Tower
09:55 Watch Tower
10:47 Tauren Totem
11:41 Orc Burrow
11:47 Orc Burrow
13:30 Beastiary
16:03 Orc Burrow
28:16 Voodoo Lounge
37:22 Voodoo Lounge
67:30 Watch Tower
67:35 Watch Tower
67:38 Watch Tower
67:42 Watch Tower
67:44 Watch Tower
68:36 Watch Tower
68:41 Watch Tower
68:48 Watch Tower
68:57 Watch Tower
69:02 Watch Tower
69:11 Watch Tower
71:34 Watch Tower
» items
| Healing Salve | 2 | |
| Lesser Clarity Potion | 14 | |
| Orb of Lightning | 1 | |
17 total
Chat log
(01:48 / All) Gobiner: sg?
(01:53 / All) domotoo: yea
(02:39 / All) cum.2ez: -50
(02:42 / All) cum.2ez: lmao
(18:53 / All) cum.2ez: HEY
(18:57 / All) cum.2ez: YOUR GOLDMINE ITS RUNNING LOW
(21:41 / All) cum.2ez: Hey noobs
(21:43 / All) cum.2ez: leave
(21:47 / All) domotoo: |lol
(22:20 / All) Thanh: lol everyone does this strat nowaday
(22:27 / All) Thanh: u guys like it?
(22:34 / All) Gobiner: we invented this strat
(22:38 / All) cum.2ez: u dont even know the strat buddy
(22:48 / All) Thanh: its kinda stupid
(22:52 / All) Thanh: since it wastes alot of time
(22:58 / All) cum.2ez: u dont even know the strat buddy
(23:04 / All) Gobiner: winning is never a waste of time
(24:07 / All) domotoo: yawn
(27:44 / All) domotoo: u guys play every round for 1 hour plus?
(27:49 / All) domotoo: go play dota then
(27:49 / All) MrFrosty: yeah
(27:50 / All) domotoo: ;P
(27:55 / All) MrFrosty: even if we win in 20 minutes i sit around
(28:00 / All) MrFrosty: and creep out the map
(28:04 / All) MrFrosty: mine all the gold, etxc
(33:27 / All) cum.2ez: lmao u guys are stil here
(34:50 / All) cum.2ez: Good use of bear
(36:39 / All) domotoo: zz
(36:55 / All) MrFrosty: haha, you havent even started on my side either!
(37:47 / Allies) Gobiner: in upkeep
(37:48 / Allies) Gobiner: fyi
(39:12 / All) Gobiner: if you want to wave all these towers go ahead
(39:14 / All) Gobiner: we won't stop you
(39:22 / All) Thanh: k
(39:25 / All) cum.2ez: ill be back in 2 hours
(39:27 / All) cum.2ez: when ur done
(39:58 / All) Gobiner: :D
(41:59 / All) cum.2ez: im cumming
(42:01 / All) cum.2ez: cumming all ova
(42:14 / All) cum.2ez: hmnm
(42:17 / Allies) MrFrosty: gg
(42:20 / Allies) MrFrosty: tinker down
(42:21 / All) cum.2ez: yellow ill just pretent that ur tc
(46:04 / All) MrFrosty: shit, looks like we loose
(48:16 / All) Gobiner: gg we loose
(50:05 / All) cum.2ez: zzz
(50:06 / All) cum.2ez: afk
(51:34 / All) Gobiner: hello we help you
(52:09 / All) domotoo: lol
(52:14 / All) domotoo: this seems like customer game
(52:16 / All) domotoo: tower def?
(52:24 / All) domotoo: custom game
(52:30 / All) cum.2ez: The customer is always right
(52:31 / All) MrFrosty: hello sir, do you require assistance?
(52:39 / All) domotoo: lol
(53:27 / All) domotoo: shd feedback to blizard to change this map
(53:32 / All) Gobiner: why
(53:36 / All) Gobiner: this map is the best
(53:44 / All) domotoo: cause some idiots abuse it
(53:48 / All) MrFrosty: lol
(53:50 / All) MrFrosty: how?
(53:53 / All) cum.2ez: you say abuse
(53:54 / All) Gobiner: some idiots can't beat it
(53:55 / All) cum.2ez: I say skill
(54:01 / All) domotoo: what's the point?
(54:06 / All) domotoo: see who leave first?
(54:07 / All) cum.2ez: dude
(54:15 / All) MrFrosty: we know who will leave first
(54:15 / All) MrFrosty: fyi
(54:17 / All) cum.2ez: u gonna play
(54:19 / All) cum.2ez: or you gonna gay
(54:21 / All) cum.2ez: play or gay
(54:49 / All) domotoo: let's play 24 hours. see who leave
(54:53 / All) Gobiner: sounds good
(54:56 / All) Gobiner: our record is 17 hours
(55:00 / All) Gobiner: but beating that would own
(55:03 / All) cum.2ez: im guranteed to drop but im sure my allies will win
(55:26 / All) Gobiner: tab out, check my east alt on bnet
(55:37 / All) Gobiner: BEAR_AND
(55:47 / All) Gobiner: 17 hour highperch :D
(57:23 / All) cum.2ez: Gl hf
(57:55 / All) cum.2ez: the landing path is clear
(58:10 / All) MrFrosty: come on up, the air is nice up here
(58:21 / All) Gobiner: do you guys like hiking
(58:31 / All) Gobiner: I love hiking up mountains and stuff
(58:38 / All) cum.2ez: Ayrruis is quite the mountian climber on weekends
(59:17 / All) MrFrosty: few can compare to Ratso Steamwheedle
(59:28 / All) MrFrosty: he isnt well known but its been said hes the sole reason we're up here
(59:51 / All) Gobiner: sadly he died of edema on top of this mountain
(60:04 / All) MrFrosty: blizzard hasnt implemented deformable terrain yet
(60:13 / All) MrFrosty: so i think you will be waiting until the next patch
(60:20 / All) MrFrosty: before your demo helps you out
(62:40 / All) cum.2ez: Typical noob elf
(62:55 / All) cum.2ez: Hmm...not sure what to build..better make bearyad
(68:30 / All) MrFrosty: pwnin noobs and reading joyce, 2 of my favourite things
(69:51 / All) Gobiner: nice towers
(81:56 / All) caucau: haha he is gone
(82:05 / All) MrFrosty: lol
(150:45 / All) MrFrosty: noobelf never got wellsprings
(150:47 / All) MrFrosty: lol.
(165:10 / All) caucau: wtf map hack
(165:16 / All) Gobiner: 2ez nubs
(168:10 / All) MrFrosty: 2 e z
(170:32 / All) MrFrosty: 2 e z
(171:04 / All) Gobiner: 2ez